 Dungeon Sprint DCSS version 0.18-a0-46-g45ca8e4 (console) character file.

0 Kellhus the Magician (level 3, 0/19 HPs)
             Began as a Deep Elf Conjurer on Nov 6, 2015.
             Was a Follower of Vehumet.
             Slain by a hound (3 damage)
             ... in the Dungeon (Sprint VI: "Thunderdome").
             The game lasted 00:00:52 (93 turns).

Kellhus the Magician (Deep Elf Conjurer)              Turns: 93, Time: 00:00:52

Health: 0/19       AC:  2    Str:  5    XL:     3   Next: 80%
Magic:  7/13       EV: 13    Int: 20    God:    Vehumet [*.....]
Gold:   200        SH:  0    Dex: 15    Spells: 2 memorised, 14 levels left

rFire  . . .     SeeInvis .     (no weapon)
rCold  . . .     Clarity  .     a - +0 robe
rNeg   . . .     SustAt   .     (no shield)
rPois  .         Gourm    .     (no helmet)
rElec  .         Spirit   .     (no cloak)
rCorr  .         Warding  .     (no gloves)
rMut   .         NoTele   +     (no boots)
MR     .....                    (no amulet)
Stlth  ++........               (no ring)
                                (no ring)

@: not resistant to hostile enchantments, unstealthy
A: no striking features
a: Renounce Religion


You were in the Dungeon.
You worshipped Vehumet.
Vehumet was aware of your devotion.
You were not hungry.

You visited 1 branch You collected 200 gold pieces.

Inventory:

Armour
 a - a +0 robe (worn)
Wands
 k - a wand of cold (3)
 l - a wand of fire (5)
Scrolls
 i - 4 scrolls of blinking
 m - 3 scrolls of fog
Potions
 d - a potion of curing
 e - 4 potions of heal wounds
 f - 4 potions of haste
 g - 2 potions of magic
 h - a potion of berserk rage
 j - 2 potions of resistance
Books
 b - a book of Conjurations

   Spells                             Type                      Level
   a - Magic Dart                     Conjuration                  1
   b - Searing Ray                    Conjuration                  2
   c - Dazzling Spray                 Conjuration/Hexes            3
   d - Fulminant Prism                Conjuration/Hexes            4
   e - Iskenderun's Mystic Blast      Conjuration                  4
   f - Iskenderun's Battlesphere      Conjuration/Charms           5
Comestibles
 c - a bread ration


   Skills:
 - Level 2.4 Dodging
 - Level 2.4 Stealth
 + Level 7.4 Spellcasting
 + Level 7.3 Conjurations


You had 14 spell levels left.
You knew the following spells:

 Your Spells              Type           Power        Failure   Level  Hunger
a - Magic Dart            Conj           ####         1%          1    None
b - Sting                 Conj/Pois      ###.         1%          1    None


Dungeon Overview and Level Annotations

Branches:
Dungeon (1/1)

Altars:
Fedhas
Gozag
Kikubaaqudgha
Makhleb
Qazlal
Ru
Sif Muna
Trog
Vehumet
Xom
Yredelemnul
Zin
The Shining One
Lugonu

Shops:
D ??:((!!!!


Message History

Aiming: Sting
Press: ? - help, Shift-Dir - straight line, f/p - hound
Aim: a hound (moderately wounded, poisoned)
The sting misses the hound.
Casting: Sting
Confirm with . or Enter, or press ? or * to list all spells.
Aiming: Magic Dart
Press: ? - help, Shift-Dir - straight line, f/p - hound
Aim: a hound (heavily wounded, poisoned)
The magic dart hits the hound.
The hound is heavily wounded.
Casting: Magic Dart
Confirm with . or Enter, or press ? or * to list all spells.
Aiming: Magic Dart
Press: ? - help, Shift-Dir - straight line, f/p - hound
Aim: a hound (heavily wounded, poisoned)
The magic dart hits the hound.
The hound is severely wounded.
The hound bites you.
You die...

##.....## ##∩.....∩##
#∩.......∩# #_......._#
#.........# #_......._#
###.........###
#§...h@......⌠#
#.8...).....8.######
_......###........_∩##
.....8. #.8........∩###
.......###.............#
.....###...###..........⌠
..... #.<.# #..........⌠
.....###...###..........⌠
........###.......).....#
......8.# #.8........∩###
__......# #......___∩##


You could see a hound.

Vanquished Creatures
  A hound (D)
  3 gnolls (D)
4 creatures vanquished.

Notes
Turn   | Place    | Note
--------------------------------------------------------------
     0 | D        | Kellhus the Deep Elf Conjurer began the quest for the Orb.
     0 | D        | Reached XP level 1. HP: 10/10 MP: 6/6
     3 | D        | Found a sacrificial altar of Ru.
     4 | D        | Found a basalt altar of Yredelemnul.
     4 | D        | Found a shimmering altar of Xom.
     5 | D        | Round 1.
     7 | D        | Found a corrupted altar of Lugonu.
     8 | D        | Found a radiant altar of Vehumet.
     8 | D        | Found a glowing golden altar of the Shining One.
     9 | D        | Found a blossoming altar of Fedhas.
     9 | D        | Found an ancient bone altar of Kikubaaqudgha.
    10 | D        | Found Caasisey's Do-It-Yourself Clinic.
    10 | D        | Found a deep blue altar of Sif Muna.
    10 | D        | Found Ugymosi's Distillery.
    11 | D        | Found Qaceheoli's Bottled Wisdom.
    11 | D        | Found Biczauj's Weapon Rack.
    11 | D        | Found Lodd's Distillery.
    16 | D        | Became a worshipper of Vehumet
    18 | D        | Reached skill level 5 in Conjurations
    18 | D        | Reached XP level 2. HP: 1/15 MP: 6/9
    18 | D        | Reached skill level 5 in Spellcasting
    18 | D        | Reached skill level 6 in Conjurations
    55 | D        | Found a burning altar of Makhleb.
    57 | D        | Found a stormy altar of Qazlal.
    58 | D        | Found a bloodstained altar of Trog.
    58 | D        | Found an opulent altar of Gozag.
    58 | D        | Found Kunueqar's Staff Store.
    58 | D        | Found Apycs's Magic Scroll Shop.
    59 | D        | Found Tofuku's Must-Have Magic.
    59 | D        | Found Gexorourch's Magic Scroll Shop.
    60 | D        | Reached * piety under Vehumet
    60 | D        | Offered knowledge of Sting by Vehumet.
    60 | D        | Reached XP level 3. HP: 3/19 MP: 10/12
    63 | D        | Learned a level 1 spell: Sting
    65 | D        | Found a glowing silver altar of Zin.
    71 | D        | Reached skill level 7 in Spellcasting
    93 | D        | Slain by a hound

Vault maps used:
D:        arena_sprint

Action                   || total
-------------------------++-------
 Cast: Magic Dart        ||     4
       Sting             ||     4
Evoke: Wand              ||     2
